 Dungeon Crawl Stone Soup version 0.31.0-12-g77e489cdc1 (webtiles) character file.

Game seed: 10621131458932232498

159 Silvore the Slasher (level 5, 0/41 HPs)
             Began as a Demonspawn Fighter on Feb 14, 2024.
             Constricted to death by Ijyb (3 damage)
             ... on level 3 of the Dungeon.
             The game lasted 00:03:22 (2484 turns).

Silvore the Slasher (Demonspawn Fighter)            Turns: 2484, Time: 00:03:22

Health: 0/41       AC:  9    Str: 18    XL:     5   Next: 17%
Magic:  5/5        EV:  5    Int:  9    God:
Gold:   188        SH:  5    Dex: 12    Spells: 4/4 levels left

rFire   + . .        a - +0 long sword
rCold   . . .        c - +1 buckler
rNeg    . . .        f - +0 chain mail
rPois   .            (no helmet)
rElec   .            (no cloak)
rCorr   .            (no gloves)
SInv    .            (no boots)
Will    .....        (no amulet) Stlth
                     g - ring of protection from fire
HPRegen 0.26/turn    (no ring)
MPRegen 0.09/turn

%: no passive effects
@: mighty, grasped by roots, constricted
A: ignite blood 1, sturdy frame 1
a: no special abilities


You were on level 3 of the Dungeon.
You visited 1 branch of the dungeon, and saw 3 of its levels.

You collected 188 gold pieces.

Inventory:

Hand Weapons
 a - a +0 long sword (weapon)
Armour
 b - a +0 scale mail
 c - a +1 buckler (worn)
 f - a +0 chain mail (worn)
Jewellery
 g - a ring of protection from fire (left hand)
Scrolls
 e - a scroll of fog
 k - a scroll of enchant armour
 m - 2 scrolls of identify
 o - a scroll of summoning {unknown}
 p - a scroll of teleportation {unknown}
Potions
 h - a potion of berserk rage
 i - a potion of haste {unknown}
 j - a potion of curing {unknown}
 l - a potion of magic {unknown}
 n - a potion of lignification {unknown}


   Skills:
 + Level 3.5 Fighting
 + Level 3.6 Long Blades
 + Level 3.2 Armour
 + Level 0.6 Dodging
 + Level 3.2 Shields


You had 4 spell levels left.
You didn't know any spells.
Your spell library was empty.

Dungeon Overview and Level Annotations

Branches:
Dungeon (3/15)

Altars:

Shops:
D:1 *

Annotations:
D:3 Ijyb


Innate Abilities, Weirdness & Mutations

Your demonic aura sometimes causes spilled blood to erupt in flames.
Your movements are slightly less encumbered by armour. (ER -2)


Message History

Ijyb is unaffected.
The grasping roots constrict you.
You hit Ijyb.
Ijyb is severely wounded.
Ijyb hits you but does no damage. The grasping roots constrict you.
An orc comes into view. It is wielding a +0 hand axe.
The grasping roots release their grip on you.
Unknown command.
You completely miss Ijyb.
Ijyb is severely wounded.
Ijyb zaps a wand.
The roots erupt in riotous growth!
The grasping roots grab you!
Ijyb is unaffected.
The grasping roots constrict you.
You barely miss Ijyb.
Ijyb is severely wounded.
Ijyb hits you with a +0 dagger. The grasping roots constrict you!
Ijyb hits you but does no damage. The grasping roots constrict you.
The grasping roots release their grip on you.
Unknown command.
The orc attacks as it pursues you! The orc hits you with a +0 flail.
The orc attacks as it pursues you! The orc barely misses you.
Unknown command.
You slash the orc!
You kill the orc!
An orc priest comes into view. It is wielding a +0 hand axe.
You see here a +0 flail.
You hit Ijyb.
Ijyb is almost dead.
Ijyb hits you with a +0 dagger.
* * * LOW HITPOINT WARNING * * *
The orc closely misses you.
You hit Ijyb but do no damage.
Ijyb is almost dead.
Ijyb zaps a wand.
The roots erupt in riotous growth!
The grasping roots grab you!
Ijyb is unaffected.
The orc is unaffected.
The grasping roots constrict you.
* * * LOW HITPOINT WARNING * * *
You block the orc's attack. Ijyb hits you with a +0 dagger.
* * * LOW HITPOINT WARNING * * *
The grasping roots constrict you.
You die...

..#.....#.).....#...#
..#....#).......#...
......#............
#.^..............# .......
.................###.......
.>...#.....................
.................# .......
.....##....#...#.## .......
...####.####...#@g##.......
#### #.##...#.##oo#.......
#######.##.###..##o........
.....##.##.# ##....o.......
.....##.##.########.......!
........##...## ##.......
####..........## #......
#..).........# ...?..
#............# ......


You could see Ijyb, an orc priest and 3 orcs.

Vanquished Creatures
  A bombardier beetle (D:3)
  A gnoll (D:1)
  6 adders
  A dart slug (D:2)
  An orc (D:3)
  5 ball pythons
  7 bats
  2 endoplasms
  6 giant cockroaches
  3 goblins (D:1)
  7 hobgoblins
  3 quokkas
  6 frilled lizards
  7 kobolds
  8 rats
64 creatures vanquished.

Notes
Turn   | Place    | Note
-------+----------+-------------------------------------------
     0 | D:1      | Silvore the Demonspawn Fighter began the quest for the Orb.
     0 | D:1      | Reached XP level 1. HP: 18/18 MP: 1/1
   132 | D:1      | Gained mutation: Your movements are slightly less
                  | encumbered by armour. (ER -2) [demonic ancestry]
   132 | D:1      | Reached XP level 2. HP: 22/24 MP: 2/2
   173 | D:1      | Found a faded altar of an unknown god.
   426 | D:1      | Reached XP level 3. HP: 23/29 MP: 3/3
   515 | D:1      | Found Veijon's General Store.
  1199 | D:2      | Gained mutation: Your demonic aura sometimes causes spilled
                  | blood to erupt in flames. [demonic ancestry]
  1199 | D:2      | Reached XP level 4. HP: 34/35 MP: 4/4
  2268 | D:3      | Reached XP level 5. HP: 7/41 MP: 5/5
  2468 | D:3      | Noticed Ijyb
  2484 | D:3      | Constricted to death by Ijyb

Illustrated notes

Levels and vault maps discovered:
D:1:      lightli_arrival_maybe_door_vault, layout_loops_cross,
          chequers_ecumenical_altar_twisty, serial_shops,
          nicolae_shop_back_alley_shop, roderic_roman_lattice,
          roderic_lattice_a, st_stairs_2
D:2:      layout_basic
D:3:      layout_rooms, minmay_statues_item, uniq_ijyb

Skill      XL: |  1  2  3  4 |
---------------+-------------+-----
Long Blades    | 2 3 |  3.6
Shields        | 3 |  3.2
Armour         | 3 |  3.2
Fighting       | |  3.5
Dodging        | |  0.6

Action                     |  1- 3 |  4- 6 || total
---------------------------+-------+-------++-------
  Melee: Long sword        |   132 |    99 ||   231
    Use: Scroll            |     5 |     2 ||     7
         Potion            |       |     1 ||     1
 Armour: Scale mail        |    48 |       ||    48
         Chain mail        |    72 |    73 ||   145
  Dodge: Dodged            |    59 |    35 ||    94
  Block: Buckler           |    50 |    24 ||    74
